 Dungeon Crawl Stone Soup version 0.23.2-40-g277498a (webtiles) character file.

Game seed: 7328799216959862577

9742 CrazyJ the Summoner (level 11, 0/91 HPs)
             Began as a Yellow Draconian Summoner on Sept 15, 2019.
             Was a High Priest of Sif Muna.
             Slain by a swamp worm (18 damage)
             ... on level 1 of the Lair of Beasts.
             The game lasted 01:49:45 (17066 turns).

CrazyJ the Summoner (Yellow Draconian Summoner)    Turns: 17066, Time: 01:49:45

Health: 0/91       AC: 12    Str:  8 (10) XL:     11   Next: 27%
Magic:  26/27      EV: 15    Int: 16 (19) God:    Sif Muna [*****.]
Gold:   74         SH:  2    Dex: 14      Spells: 1/22 levels left

rFire    . . .     SeeInvis +   W - +4 trident
rCold    . . .     Gourm    .   (no shield)
rNeg     . . .     Faith    .   (armour unavailable)
rPois    .         Spirit   .   (helmet restricted)
rElec    .         Reflect  +   Y - +0 cloak
rCorr    +         Harm     .   h - +2 pair of gloves
MR       +....                  O - +0 pair of boots
Stlth    +.........             d - +2 amulet of reflection
HPRegen  0.25/turn              N - ring of magical power
MPRegen  0.20/turn              D - ring of protection from magic

@: very slow
A: spit acid, unfitting armour, see invisible, agile 1, low mp 1, cold-blooded,
subdued magic 1, acid resistance, AC +7
a: Breathe Acid, Divine Energy, Channel Magic, Forget Spell, Renounce Religion


You were on level 1 of the Lair of Beasts.
You worshipped Sif Muna.
Sif Muna was extremely pleased with you.
You were hungry.

You visited 2 branches of the dungeon, and saw 13 of its levels.
You also visited: Ossuary.

You collected 569 gold pieces.
You spent 495 gold pieces at shops.

Inventory:

Hand Weapons
 r - a +1 dagger of flaming
 T - a +0 blowgun
 W - a +4 trident (weapon)
 Z - a +3 dagger of chaos
Missiles
 c - 341 stones (quivered)
 M - 27 poisoned needles
 V - a throwing net
Armour
 h - a +2 pair of gloves (worn)
 O - a +0 pair of boots (worn)
 Y - a +0 cloak (worn)
Jewellery
 a - the amulet "Kazxoy" {RegenMP rElec Int+4}
   (You found it on level 10 of the Dungeon)

   [amulet of magic regeneration]

   It increases your magic regeneration.
   It affects your intelligence (+4).
   It insulates you from electricity.
 d - a +2 amulet of reflection (around neck)
 p - an uncursed ring of ice
 t - an uncursed ring of positive energy
 w - an uncursed ring of fire
 D - a ring of protection from magic (right hand)
 J - an uncursed amulet of the acrobat
 N - a ring of magical power (left hand)
 S - an uncursed amulet of faith
Wands
 i - a wand of iceblast (6)
 j - a wand of paralysis (8)
 q - a wand of flame (4)
 u - a wand of enslavement (4)
 K - a wand of disintegration (19)
Scrolls
 f - 9 scrolls of identify
 k - 3 scrolls of immolation {unknown}
 l - a scroll of magic mapping {unknown}
 m - 4 scrolls of teleportation
 o - 3 scrolls of blinking {unknown}
 x - 6 scrolls of random uselessness
 y - 3 scrolls of remove curse
 B - 4 scrolls of enchant armour {unknown}
 C - 3 scrolls of fog {unknown}
 H - a scroll of brand weapon {unknown}
 L - a scroll of summoning {unknown}
 P - a scroll of silence {unknown}
 U - a scroll of fear {unknown}
 X - a scroll of noise {unknown}
Potions
 e - 7 potions of curing
 v - a potion of ambrosia
 z - a potion of flight
 G - 2 potions of heal wounds
Comestibles
 b - 12 rations


   Skills:
 + Level 6.9 Fighting
 + Level 5.1 Polearms
 + Level 6.1 Dodging
 - Level 1.8 Stealth
 + Level 6.0 Spellcasting
 * Level 2.0 Conjurations
 - Level 3.8 Hexes
 - Level 9.9 Summonings
 * Level 2.1 Fire Magic
 - Level 4.6 Ice Magic
 - Level 3.8 Air Magic
 + Level 3.6 Invocations


You had one spell level left.
You knew the following spells:

 Your Spells              Type           Power        Failure   Level  Hunger
a - Summon Small Mammal   Summ           ####         1%          1    None
b - Call Imp              Summ           ####....     1%          2    #......
c - Call Canine Familiar  Summ           ####....     1%          3    ##.....
d - Summon Guardian Gole  Hex/Summ       ###.....     1%          3    ##.....
e - Summon Ice Beast      Ice/Summ       ###.....     5%          4    ####...
f - Summon Lightning Spi  Summ/Air       ###.....     7%          4    ####...
g - Sticky Flame          Conj/Fire      #.......     45%         4    ####...

Your spell library contained the following spells:

 Spells                   Type           Power        Failure   Level  Hunger
 Flame Tongue             Conj/Fire      #....        4%          1    None
 Throw Flame              Conj/Fire      #.....       7%          2    #......
 Poisonous Vapours        Pois/Air       #.....       8%          2    #......
 Inner Flame              Hex/Fire       ##......     10%         3    ##.....
 Conjure Flame            Conj/Fire      #.......     14%         3    ##.....
 Sticks to Snakes         Tmut           #.......     17%         2    #......
 Fireball                 Conj/Fire      #.........   82%         5    ######.
 Freezing Cloud           Conj/Ice/Air   ##........   99%         6    #######
 Hydra Form               Tmut           #.........   100%        6    #######
 Dragon Form              Tmut           #.........   100%        7    #######
 Tornado                  Air            ##........   100%        9    #######


Dungeon Overview and Level Annotations

Branches:
Dungeon (12/15)              Lair (1/6) D:10
 Temple: D:4-7          Orc: D:9-12

Altars:
Ashenzari
Dithmenos
Elyvilon
Fedhas
Kikubaaqudgha
Okawaru
Qazlal
Ru
Sif Muna
Trog
Uskayaw
Xom
Yredelemnul

Shops:
D:10 %

Annotations:
D:12 Jorgrun


Innate Abilities, Weirdness & Mutations

You can spit globs of acid.
Your golden yellow scales are hard. (AC +7)
You cannot fit into any form of body armour.
You are cold-blooded and may be slowed by cold attacks.
You are resistant to acid. (rCorr)
You have supernaturally acute eyesight. (SInv)
You are agile. (Dex +2)
Your magical capacity is low. (-10% MP)
Your spells are a little easier to cast, but a little less powerful.


Message History

The harpoon shot hits you.
You are yanked forward by the harpoon shot.
Splash!
Found a scroll labeled JOFOXZ TUITS.
Your unstable footing causes you to fumble your attack.
The swamp worm bites you!
You puncture the swamp worm!
Your tail-slap misses the swamp worm.
The swamp worm is moderately wounded.
The swamp worm misses you.
You miss the swamp worm.
The swamp worm is moderately wounded.
The swamp worm bites you! The swamp worm bites you.
Your unstable footing causes you to fumble your attack.
The swamp worm closely misses you.
Your unstable footing causes you to fumble your attack.
The swamp worm bites you!!
* * * LOW HITPOINT WARNING * * *
Your unstable footing causes you to fumble your attack.
The swamp worm bites you!!
You die...

..................#..# ########
#..#####..)......###.## #..#
#..........##..# #..#
#.........###..# #.##
#....≈≈≈≈≈≈≈##.# #.#
#.#≈≈≈≈≈≈≈≈≈≈≈.# #.#
##.≈≈≈#######≈≈≈# #.#
#..≈≈≈#≈≈≈≈≈##≈≈# #+##
##.≈≈P≈≈≈≈@w?#≈≈# ...#
#.≈≈≈#≈≈≈≈≈##≈≈## ...###
#.≈≈≈#######≈≈≈≈###
...#P###..≈≈≈≈≈≈≈≈≈≈≈....####
...+..###...≈≈≈≈≈≈≈...##..#P#####
....#.....+.........#####.......#
.+##.##.###......P.## #####P#..
..########.##'###### ##### .##
####..#


You could see a swamp worm.

Vanquished Creatures
  Psyche (D:9)
  A gargoyle (D:11)
  3 centaur skeletons
  2 spiny frogs (Lair:1)
  A rime drake (Lair:1)
  A hippogriff (Lair:1)
  Grinder (D:5)
  A shadow (D:11)
  3 yaks
  A basilisk (Lair:1)
  A steam dragon (D:10)
  A hungry ghost (D:9)
  A swamp worm (Lair:1)
  2 black bears
  2 phantoms
  An orc warrior (D:8)
  An ogre (D:8)
  A centaur (D:10)
  A crocodile (D:8)
  7 bullfrogs
  A scorpion (D:6)
  2 wights
  A howler monkey (D:5)
  2 crimson imps (D:9)
  A centaur zombie (D:8)
  2 bullfrog zombies
  4 hounds
  2 orc wizards (D:9)
  A jelly (D:11)
  3 orc priests
  An iguana (D:11)
  Ijyb (D:3)
  3 worker ants
  A big kobold zombie (Ossuary)
  3 hound skeletons
  A hound zombie (D:6)
  A mummy (D:4)
  A worker ant zombie (D:10)
  7 adders
  6 gnolls
  2 adder zombies
  A dart slug (D:1)
  9 leopard geckos
  25 orcs
  7 bats
  3 bat skeletons (D:4)
  A giant cockroach (D:3)
  8 goblins
  5 hobgoblins
  8 jackals
  7 quokkas
  2 ball pythons
  3 frilled lizards
  A gnoll zombie (Ossuary)
  A goblin zombie (Ossuary)
  6 kobolds
  A leopard gecko skeleton (D:6)
  An orc zombie (Ossuary)
  2 quokka skeletons
  2 quokka zombies
  9 rats
181 creatures vanquished.

Vanquished Creatures (collateral kills)
  Harold (D:8)
  A hydra (D:11)
  A centaur warrior (D:10)
  A manticore (D:11)
  A cyclops (D:11)
  A komodo dragon (Lair:1)
  A troll (D:9)
  Prince Ribbit (D:5)
  A hippogriff (D:9)
  A basilisk (Lair:1)
  11 yaks
  2 hungry ghosts
  An acid dragon (D:9)
  4 swamp worms (Lair:1)
  5 water moccasins (Lair:1)
  A porcupine (Lair:1)
  An ice beast (D:10)
  2 orc warriors
  An ogre (D:5)
  2 necrophages
  3 centaurs
  A big kobold (D:11)
  3 bullfrogs
  5 wights
  A vampire bat (D:4)
  3 crimson imps
  2 quasits
  2 hounds
  2 orc priests (D:9)
  2 jellies
  A bullfrog skeleton (D:10)
  An iguana (D:3)
  4 orc wizards
  3 worker ants
  3 mummies (Ossuary)
  Robin (D:3)
  5 adders
  A gnoll (D:6)
  2 shadow imps
  An adder zombie (D:9)
  A leopard gecko (D:4)
  18 orcs
  A bat skeleton (D:4)
  A bat zombie (D:4)
  4 goblins (D:3)
  A jackal (D:10)
  A kobold (D:11)
  A quokka zombie (D:5)
  A plant (Lair:1)
115 creatures vanquished.

Vanquished Creatures (others)
  A centaur (D:10)
  2 fungi (Lair:1)
  2 plants (Lair:1)
5 creatures vanquished.

Grand Total: 301 creatures vanquished

Notes
Turn   | Place    | Note
-------+----------+-------------------------------------------
     0 | D:1      | CrazyJ the Draconian Summoner began the quest for the Orb.
     0 | D:1      | Reached XP level 1. HP: 14/14 MP: 3/3
   158 | D:1      | Reached XP level 2. HP: 19/20 MP: 5/5
   602 | D:2      | Learned a level 2 spell: Call Imp
   958 | D:2      | Reached XP level 3. HP: 27/27 MP: 6/6
  1140 | D:2      | Found a bloodstained altar of Trog.
  1273 | D:2      | Found an iron altar of Okawaru.
  1483 | D:3      | Found a shattered altar of Ashenzari.
  1501 | D:2      | Reached skill level 1 in Fighting
  1891 | D:3      | Noticed Robin
  1912 | D:3      | Killed Robin
  1915 | D:3      | Reached XP level 4. HP: 35/35 MP: 4/7
  2047 | D:3      | Learned a level 3 spell: Call Canine Familiar
  2386 | D:3      | Reached skill level 5 in Summonings
  2437 | D:3      | Found a deep blue altar of Sif Muna.
  2456 | D:3      | Became a worshipper of Sif Muna the Loreminder
  2584 | D:3      | Noticed Ijyb
  2626 | D:3      | Killed Ijyb
  3118 | D:3      | Reached XP level 5. HP: 41/41 MP: 8/8
  3273 | D:4      | Found a sand-covered staircase.
  3282 | Ossuary  | Entered an ossuary
  3717 | D:4      | Found a sacrificial altar of Ru.
  4209 | D:4      | Reached XP level 6. HP: 46/50 MP: 10/10
  4358 | D:4      | Found a shadowy altar of Dithmenos.
  4401 | D:4      | Reached * piety under Sif Muna
  4455 | D:4      | Learned a level 3 spell: Summon Guardian Golem
  4538 | D:4      | Found a stormy altar of Qazlal.
  4567 | D:4      | Found a blossoming altar of Fedhas.
  4742 | D:4      | Found an ancient bone altar of Kikubaaqudgha.
  4755 | D:4      | Reached skill level 6 in Summonings
  4974 | D:5      | Entered Level 5 of the Dungeon
  5080 | D:5      | Noticed Grinder
  5084 | D:5      | Paralysed by Grinder for 2 turns
  5108 | D:5      | Killed Grinder
  5108 | D:5      | Your scales start taking on a golden yellow colour.
  5108 | D:5      | Reached XP level 7. HP: 44/57 MP: 3/12
  5108 | D:5      | Gained mutation: You are resistant to acid. (rCorr) [Yellow
                  | Draconian growth]
  5175 | D:5      | Noticed Prince Ribbit
  5236 | D:5      | Reached skill level 1 in Hexes
  5482 | D:5      | Killed Prince Ribbit
  6626 | D:6      | Learned a level 4 spell: Summon Ice Beast
  6808 | D:6      | Reached skill level 1 in Polearms
  6808 | D:6      | Reached skill level 7 in Summonings
  6808 | D:6      | Reached XP level 8. HP: 27/66 MP: 0/13
  7367 | D:7      | Reached ** piety under Sif Muna
  7654 | D:6      | Reached skill level 1 in Ice Magic
  7942 | D:7      | Found a white marble altar of Elyvilon.
  8281 | D:7      | Found a blossoming altar of Fedhas.
  8520 | D:7      | Found a basalt altar of Yredelemnul.
  8617 | D:8      | Found a shimmering altar of Xom.
  8617 | D:8      | Found a shimmering altar of Xom.
  8626 | D:8      | Found a shimmering altar of Xom.
  8629 | D:8      | Found a shimmering altar of Xom.
  8735 | D:8      | Found a shimmering altar of Xom.
  8752 | D:8      | Noticed Harold
  8774 | D:8      | Killed Harold
  8774 | D:8      | Reached skill level 8 in Summonings
  8774 | D:8      | Reached XP level 9. HP: 37/73 MP: 7/15
  8970 | D:8      | Learned a level 4 spell: Summon Lightning Spire
  9141 | D:9      | Reached skill level 5 in Fighting
  9499 | D:8      | Reached *** piety under Sif Muna
  9819 | D:8      | Reached skill level 1 in Air Magic
 10496 | D:8      | Reached skill level 5 in Dodging
 10647 | D:9      | Reached skill level 5 in Spellcasting
 11513 | D:9      | Found a hide-covered altar of Uskayaw.
 11563 | D:9      | Reached XP level 10. HP: 74/83 MP: 17/17
 11666 | D:9      | Reached skill level 9 in Summonings
 11835 | D:9      | Noticed Psyche
 11838 | D:9      | Reached skill level 1 in Invocations
 11845 | D:9      | Killed Psyche
 12037 | D:10     | Entered Level 10 of the Dungeon
 12581 | D:10     | Reached **** piety under Sif Muna
 12587 | D:10     | Found a shimmering altar of Xom.
 12797 | D:10     | Got a flickering lead amulet
 12804 | D:10     | Identified the amulet "Kazxoy" {RegenMP rElec Int+4} (You
                  | found it on level 10 of the Dungeon)
 12820 | D:11     | Noticed a manticore
 12827 | D:11     | Killed a manticore
 13400 | D:11     | Noticed a seven-headed hydra
 13419 | D:11     | Killed a seven-headed hydra
 13630 | D:11     | Noticed a cyclops
 13647 | D:11     | Killed a cyclops
 14040 | D:11     | Noticed a gargoyle
 14066 | D:11     | Killed a gargoyle
 14319 | D:10     | Noticed a centaur warrior
 14336 | D:10     | Killed a centaur warrior
 14354 | D:10     | Found Xulo's Food Shop.
 14819 | D:11     | Gained mutation: Your magical capacity is low. (-10% MP)
                  | [potion of mutation]
 14819 | D:11     | Gained mutation: Your spells are a little easier to cast,
                  | but a little less powerful. [potion of mutation]
 14819 | D:11     | Gained mutation: You are agile. (Dex +2) [potion of
                  | mutation]
 14819 | D:11     | Gained mutation: You have supernaturally acute eyesight.
                  | (SInv) [potion of mutation]
 14900 | D:12     | Noticed Jorgrun
 15309 | D:10     | Bought a ration for 55 gold pieces
 15309 | D:10     | Bought a ration for 55 gold pieces
 15309 | D:10     | Bought a ration for 55 gold pieces
 15309 | D:10     | Bought a ration for 55 gold pieces
 15309 | D:10     | Bought a ration for 55 gold pieces
 15309 | D:10     | Bought a ration for 55 gold pieces
 15309 | D:10     | Bought a ration for 55 gold pieces
 15309 | D:10     | Bought a ration for 55 gold pieces
 15309 | D:10     | Bought a ration for 55 gold pieces
 15381 | D:10     | Found a staircase to the Lair.
 15391 | Lair:1   | Entered Level 1 of the Lair of Beasts
 15437 | Lair:1   | Reached XP level 11. HP: 69/91 MP: 17/17
 15472 | Lair:1   | Learned a level 4 spell: Sticky Flame
 15547 | Lair:1   | Reached ***** piety under Sif Muna
 15714 | Lair:1   | Reached skill level 1 in Conjurations
 15714 | Lair:1   | Reached skill level 1 in Fire Magic
 16112 | Lair:1   | Reached skill level 5 in Polearms
 16649 | Lair:1   | Identified Janat's Collected Works on Shifting Lightness
                  | (Sif Muna gifted it to you on level 1 of the Lair of
                  | Beasts)
 16649 | Lair:1   | Received a gift from Sif Muna
 17066 | Lair:1   | Slain by a swamp worm

Skill      XL: |  1  2  3  4  5  6  7  8  9 10 11 |
---------------+----------------------------------+-----
Dodging        | 2 3 4 5 6 |  6.1
Fighting       | 1 2 3 4 5 6 |  6.9
Summonings     | 5 6 7 8 9 |  9.9
Spellcasting   | 3 4 5 6 |  6.0
Hexes          | 2 3 |  3.8
Polearms       | 1 2 3 4 5 |  5.1
Ice Magic      | 2 3 4 |  4.6
Air Magic      | 2 3 |  3.8
Invocations    | 3 |  3.6
Conjurations   | 2 |  2.0
Fire Magic     | 2 |  2.1
Stealth        | |  1.8

Action                   |  1- 3 |  4- 6 |  7- 9 | 10-12 || total
-------------------------+-------+-------+-------+-------++-------
Melee: Mace              |   110 |    19 |       |       ||   129
       Tailslap          |    10 |    16 |    35 |    13 ||    74
       Dagger            |       |   199 |    59 |       ||   258
       Halberd           |       |       |   196 |       ||   196
       Glaive            |       |       |    40 |       ||    40
       Trident           |       |       |   169 |   211 ||   380
 Fire: Hunting sling     |     5 |       |       |       ||     5
 Cast: Call Imp          |     2 |    13 |    20 |     9 ||    44
       Call Canine Famil |       |    13 |    20 |     6 ||    39
       Summon Small Mamm |       |     1 |     1 |       ||     2
       Summon Guardian G |       |       |    15 |     6 ||    21
       Summon Ice Beast  |       |       |    31 |    93 ||   124
       Summon Lightning  |       |       |       |     9 ||     9
 Abil: Breathe Acid      |       |       |     2 |     4 ||     6
  Use: Scroll            |     4 |       |     4 |     4 ||    12
       Potion            |       |       |       |    10 ||    10
 Stab: Sleeping          |     1 |    11 |     3 |       ||    15
       Distracted        |       |     1 |     4 |     5 ||    10
  Eat: Chunk             |     2 |    11 |    24 |    21 ||    58
       Ration            |       |     1 |     2 |     4 ||     7
Armor: Skin              |    75 |    77 |   187 |    90 ||   429
Dodge: Dodged            |   122 |   150 |   334 |   168 ||   774
Block: Other             |     9 |    18 |    30 |    15 ||    72
       Reflection        |       |       |       |     2 ||     2
